 Dungeon Crawl Stone Soup version 0.27-a0-1191-g601b473118 (webtiles) character file.

Game seed: 17937784808483334912

81664 dolemite99 the Protected (level 15, 0/113 HPs)
             Began as a Demonspawn Gladiator on May 25, 2021.
             Was an Elder of Makhleb.
             Slain by a white ugly thing (9 damage)
             ... on level 14 of the Dungeon.
             The game lasted 01:08:50 (35613 turns).

dolemite99 the Protected (Demonspawn Gladiator)    Turns: 35613, Time: 01:08:51

Health: 0/113      AC: 29    Str: 20    XL:     15   Next: 27%
Magic:  16/24      EV:  9    Int: 11    God:    Makhleb [****..]
Gold:   661        SH:  0    Dex: 14    Spells: 11/22 levels left

rFire    + + .     SeeInvis +   a - +3 lajatang (elec)
rCold    + . .     Faith    +   (shield currently unavailable)
rNeg     . . .     Spirit   .   d - +5 chain mail {Will+}
rPois    +         Reflect  .   (helmet unavailable)
rElec    +         Harm     .   (no cloak)
rCorr    +         Rampage  .   M - +2 pair of gloves
Will     ++...                  (no boots)
Stlth    ..........             Y - amulet of faith
HPRegen  0.28/turn              r - ring of protection from fire
MPRegen  0.19/turn              n - +4 ring of protection {=R}

@: resistant, studying Armour
A: antennae 3, thin metallic scales 3, spiny 2, demonic magic 2, deterioration 1
a: Renounce Religion, Minor Destruction, Lesser Servant of Makhleb, Major
Destruction


You were on level 14 of the Dungeon.
You worshipped Makhleb.
Makhleb was greatly pleased with you.
You visited 4 branches of the dungeon, and saw 24 of its levels.

You collected 2774 gold pieces.
You spent 2113 gold pieces at shops.

Inventory:

Hand Weapons
 a - a +3 lajatang of electrocution (weapon)
 b - a +4 demon trident of draining
 e - the +0 hunting sling "Ultimatum" {freeze, rF+ rN+}
   (You found it on level 1 of the Lair of Beasts)

   It causes projectiles fired from it to freeze those they strike, causing
   extra injury to most foes and up to half again as much damage against
   particularly susceptible opponents.
   They can also slow down cold-blooded creatures.
   It protects you from fire.
   It protects you from negative energy.
 w - a +2 quarterstaff of flaming
Missiles
 f - 145 sling bullets
 B - 6 poisoned darts (quivered)
 E - 9 boomerangs of dispersal
 R - 23 boomerangs
 S - 2 throwing nets
 Z - 3 curare-tipped darts
Armour
 d - a +5 chain mail of willpower (worn)
 y - a +3 plate armour of positive energy
 M - a +2 pair of gloves (worn)
Jewellery
 h - a ring of positive energy
 n - a +4 ring of protection (right hand) {=R}
 q - a ring of resist corrosion
 r - a ring of protection from fire (left hand)
 s - a +6 ring of strength
 x - a ring of ice
 Y - an amulet of faith (around neck)
Wands
 k - a wand of mindburst (5)
 v - a wand of digging (6)
 J - a wand of paralysis (2)
 L - a wand of polymorph (17)
 V - a wand of flame (33)
Scrolls
 c - 2 scrolls of vulnerability
 g - a scroll of blinking
 j - a scroll of immolation
 m - 5 scrolls of teleportation
 o - a scroll of summoning
 p - 5 scrolls of amnesia {unknown}
 A - 3 scrolls of magic mapping
 C - a scroll of enchant armour
 D - a scroll of fog {unknown}
 K - a scroll of fear {unknown}
 X - a scroll of brand weapon
Potions
 i - 7 potions of cancellation
 l - 5 potions of flight
 t - a potion of berserk rage
 u - 4 potions of lignification
 z - 3 potions of curing
 F - 6 potions of ambrosia {unknown}
 G - 2 potions of haste
 H - a potion of mutation {unknown}
 N - 2 potions of attraction {smiters archers}
 P - a potion of magic {unknown}
 U - a potion of might
 W - 3 potions of brilliance {unknown}
Miscellaneous
 T - a box of beasts (inert)


   Skills:
 - Level 9.2 Fighting
 + Level 12.0 Staves
 - Level 9.6 Throwing
 - Level 13.8 Armour
 - Level 2.6 Dodging
 - Level 4.4 Spellcasting
 - Level 6.0 Air Magic
 - Level 11.7 Poison Magic
 - Level 12.0 Invocations
 - Level 6.2 Evocations


You had 11 spell levels left.
You knew the following spells:

 Your Spells              Type           Power      Damage    Failure   Level
a - Poisonous Vapours     Pois/Air       44%        N/A       4%          2
b - Olgreb's Toxic Radia  Pois           28%        N/A       11%         4
c - Vampiric Draining     Necr           1%         2d6       98%         3
d - Animate Skeleton      Necr           4%         N/A       78%         1
e - Apportation           Tloc           4%         N/A       78%         1

Your spell library contained the following spells:

 Spells                   Type           Power      Damage    Failure   Level
 Sting                    Tmut/Pois      60%        1d6       12%         1
 Mephitic Cloud           Conj/Pois/Air  15%        N/A       34%         3
 Spider Form              Tmut/Pois      7%         N/A       34%         3
 Ignite Poison            Fire/Tmut/Pois 11%        N/A       61%         3
 Beastly Appendage        Tmut           4%         N/A       78%         1
 Corona                   Hex            2%         N/A       78%         1
 Freeze                   Ice            8%         1d3       78%         1
 Pain                     Necr           8%         1d4       78%         1
 Summon Small Mammal      Summ           8%         N/A       78%         1
 Call Imp                 Summ           2%         N/A       89%         2
 Wereblood                Tmut           2%         N/A       89%         2
 Alistair's Intoxication  Tmut/Pois      10%        N/A       97%         5
 Call Canine Familiar     Summ           2%         N/A       98%         3
 Confusing Touch          Hex            2%         N/A       98%         3
 Frozen Ramparts          Ice            4%         1d2       98%         3
 Gell's Gravitas          Tloc           1%         N/A       98%         3
 Lesser Beckoning         Tloc           1%         N/A       98%         3
 Ozocubu's Armour         Ice            2%         N/A       98%         3
 Summon Guardian Golem    Hex/Summ       2%         N/A       98%         3
 Tukima's Dance           Hex            2%         N/A       98%         3
 Summon Lightning Spire   Summ/Air       9%         N/A       98%         4
 Animate Dead             Necr           1%         N/A       100%        4
 Hailstorm                Conj/Ice       2%         3d3       100%        4
 Ice Form                 Ice/Tmut       2%         N/A       100%        4
 Petrify                  Tmut/Erth      2%         N/A       100%        4
 Summon Ice Beast         Ice/Summ       2%         N/A       100%        4
 Agony                    Necr           2%         N/A       100%        5
 Borgnjor's Vile Clutch   Necr/Erth      1%         N/A       100%        5
 Hydra Form               Tmut           1%         N/A       100%        5
 Metabolic Englaciation   Hex/Ice        1%         N/A       100%        5
 Yara's Violent Unravell  Hex/Tmut       1%         3d3       100%        5
 Death Channel            Necr           1%         N/A       100%        6
 Invisibility             Hex            2%         N/A       100%        6
 Simulacrum               Ice/Necr       1%         N/A       100%        6


Dungeon Overview and Level Annotations

Branches:
Dungeon (15/15)            Temple (1/1) D:5            Lair (6/6) D:11
 Shoals (0/4) Lair:2       Spider (0/4) Lair:3        Slime (0/5) Lair:6
    Orc (2/2) D:9             Elf (0/3) Orc:2        Vaults (0/5) D:13
 Depths: D:15

Altars:
Ashenzari
Cheibriados
Dithmenos
Elyvilon
Fedhas
Gozag
Hepliaklqana
Kikubaaqudgha
Makhleb
Nemelex Xobeh
Okawaru
Qazlal
Ru
Sif Muna
Trog
Uskayaw
Vehumet
Wu Jian
Xom
Yredelemnul
Zin
The Shining One
Beogh
Jiyva

Shops:
D:7 *   D:8 =   D:11 !   D:14 :   Orc:2 (=[*

Annotations:
D:14 2 runed translucent doors, exclusion: downstairs, Wogiaph's ghost, journeyman OgTm
Lair:3 exclusion: downstairs
Lair:4 exclusion: oklob plant, Rupert
Lair:5 1 exclusion


Innate Abilities, Weirdness & Mutations

You have a pair of large antennae on your head. (SInv)
You are completely covered in thin metallic scales. (AC +4, rElec)
You are mostly covered in sharp spines.
Spells you cast may paralyse nearby enemies.
Your body sometimes deteriorates upon taking damage.


Message History

* * * LOW HITPOINT WARNING * * *
You slice the white ugly thing!!
The white ugly thing is heavily wounded.
You feel protected.
The white ugly thing tentacle-slaps you but does no damage.
Blink to where?
Press: ? - help, Dir - move target, p - white ugly thing
As you read the scroll of blinking, it crumbles to dust.
Okay, then.
Aiming: Paralyse
Press: ? - help, Shift-Dir - straight line, f - white ugly thing
Aim: a white ugly thing (heavily wounded, chance to affect: 47%)
The white ugly thing resists with some effort.
Okay, then.
Casting: Poisonous Vapours (safe; 4% risk of failure)
Confirm with . or Enter, or press ? or * to list all spells.
Aiming: Poisonous Vapours (safe; 4% risk of failure)
Press: ? - help, Dir - move target, f/p - white ugly thing
Aim: a white ugly thing (heavily wounded) Poisonous vapours surround the white ugly thing!
Malevolent energies surge around you.
The white ugly thing is poisoned.
Casting: Poisonous Vapours (safe; 4% risk of failure)
Confirm with . or Enter, or press ? or * to list all spells.
Aiming: Poisonous Vapours (safe; 4% risk of failure)
Press: ? - help, Dir - move target, f/p - white ugly thing
Aim: a white ugly thing (heavily wounded, poisoned) Poisonous vapours surround the white ugly thing!
Malevolent energies surge around you.
The white ugly thing is engulfed in poison gas.
The white ugly thing looks even sicker.
The white ugly thing is struck by your spines.
The white ugly thing tentacle-slaps you but does no damage.
The brown ugly thing trunk-slaps you but does no damage.
You slash the white ugly thing!
Lightning courses through the white ugly thing!
The white ugly thing is almost dead.
The white ugly thing tentacle-slaps you!
* * * LOW HITPOINT WARNING * * *
The white ugly thing freezes you! You resist.
You die...

### .. ######## #.
#u@....# ####.####
#u####.#
#...u†uu####u####.#
#.##.##..u.u...##.#
.u{ ######.#.##.#
...(. #........#
....##( #.#......#
#.#. #u #.##..#.##
# # #u #.##.##.#


You could see 4 ugly things.

Vanquished Creatures
  Kirke (D:12)
  Louise (D:14)
  Azrael (D:14)
  Snorg (D:12)
  Harold (D:8)
  3 hydras
  3 boulder beetles
  8 vault guards (D:13)
  4 centaur warriors
  3 catoblepae (Lair:6)
  Erica (D:8)
  3 death yaks (Lair:6)
  6 two-headed ogres
  A death knight (D:12)
  2 orc high priests (Orc:2)
  Urug (Lair:4)
  A deep elf pyromancer (D:12)
  3 orc sorcerers (Orc:2)
  4 orc knights
  A shadow dragon zombie (D:15)
  13 ugly things
  2 manticores
  2 black mambas
  2 elephants (Lair:2)
  2 torpor snails (Lair:4)
  Maggie (D:8)
  A gargoyle (D:14)
  13 cane toads
  A yaktaur (shapeshifter) (D:15)
  An unseen horror (D:12)
  11 komodo dragons
  2 efreet (D:13)
  Psyche (D:11)
  3 kobold demonologists
  A yaktaur (D:10)
  A jumping spider (Lair:3)
  A troll (D:11)
  3 meliai (D:12)
  Prince Ribbit (D:7)
  9 blink frogs
  5 slime creatures
  A shadow (D:9)
  3 redbacks (Lair:3)
  A wraith (D:10)
  2 hogs (D:12)
  8 wyverns
  A fire elemental (D:14)
  35 yaks
  6 basilisks
  Menkaure (D:6)
  A steam dragon (D:9)
  2 vampire mosquitoes (D:12)
  A warg (Orc:1)
  An acid dragon (D:10)
  7 hell hounds (D:14)
  13 water moccasins
  31 orc warriors
  A hornet zombie (D:8)
  A sky beast (D:6)
  2 ice beasts
  A black bear (Lair:3)
  20 wolves
  5 necrophages (D:9)
  7 ogres
  5 centaurs
  4 phantoms
  A kobold brigand (D:9)
  10 bullfrogs
  A wyvern zombie (D:7)
  A gnoll sergeant (D:9)
  A scorpion (D:7)
  2 troll zombies (D:9)
  9 wights
  A howler monkey (D:6)
  4 crimson imps (D:5)
  3 centaur zombies
  A hound (D:5)
  A bullfrog skeleton (D:6)
  17 orc priests
  2 centaur skeletons (D:7)
  2 gnoll shamans
  Jessica (D:2)
  Ijyb (D:3)
  Terence (D:2)
  Natasha (thrice) (D:2)
  6 iguanas
  29 orc wizards
  4 hell rats (Lair:5)
  2 killer bee zombies (D:8)
  6 ogre zombies (D:9)
  A hound zombie (D:5)
  2 howler monkey zombies (D:9)
  5 adders
  11 gnolls
  A shadow imp (D:5)
  A white imp (D:7)
  An ufetubus (D:7)
  An adder zombie (D:5)
  2 worms
  4 dart slugs
  58 orcs
  8 ball pythons
  3 bats
  4 endoplasms
  4 giant cockroaches
  6 hobgoblins
  14 jackals
  6 quokkas
  A frilled lizard (D:1)
  3 goblins
  3 goblin skeletons (D:9)
  2 goblin zombies (D:9)
  6 hobgoblin zombies (D:9)
  8 kobolds
  2 orc skeletons (D:9)
  12 orc zombies (D:9)
  9 rats
572 creatures vanquished.

Vanquished Creatures (collateral kills)
  A hydra (Lair:5)
  A death yak (Lair:6)
  2 orc high priests (Orc:2)
  6 ugly things (D:14)
  A manticore (Lair:6)
  6 elephants (Lair:2)
  A torpor snail (Lair:5)
  3 cane toads
  A rime drake (Lair:3)
  2 yaktaurs (D:10)
  A komodo dragon (Lair:3)
  4 blink frogs
  A vampire (D:11)
  A wyvern (D:11)
  16 yaks
  A basilisk (D:11)
  2 water moccasins (D:11)
  3 orc warriors
  3 black bears (Lair:2)
  2 wolves (Lair:3)
  A kobold brigand (D:10)
  A bullfrog (Lair:2)
  A howler monkey (D:14)
  3 orc priests
  2 orc wizards
  A gnoll (D:9)
  7 orcs
  2 kobolds (D:10)
76 creatures vanquished.

Vanquished Creatures (others)
  An orc warlord (Orc:2)
  2 humans (D:12)
  An orc wizard (D:5)
  29 fungi
  47 plants
  5 withered plants (D:9)
85 creatures vanquished.

Grand Total: 733 creatures vanquished

Notes
Turn   | Place    | Note
-------+----------+-------------------------------------------
     0 | D:1      | dolemite99 the Demonspawn Gladiator began the quest for the
                  | Orb.
     0 | D:1      | Reached XP level 1. HP: 16/16 MP: 1/1
   161 | D:1      | Gained mutation: You have a pair of small antennae on your
                  | head. [demonic ancestry]
   161 | D:1      | Reached XP level 2. HP: 18/22 MP: 2/2
   589 | D:1      | Gained mutation: You are partially covered in sharp spines.
                  | [demonic ancestry]
   589 | D:1      | Reached XP level 3. HP: 27/27 MP: 3/3
   787 | D:1      | Learned a level 1 spell: Animate Skeleton
  1093 | D:2      | Noticed Natasha
  1102 | D:2      | Killed Natasha
  1111 | D:2      | Gained mutation: You are partially covered in thin metallic
                  | scales. (AC +2) [demonic ancestry]
  1111 | D:2      | Reached XP level 4. HP: 30/33 MP: 4/4
  1184 | D:2      | Noticed Natasha
  1186 | D:2      | Killed Natasha
  1332 | D:2      | Noticed Jessica
  1378 | D:2      | Killed Jessica
  1379 | D:2      | Reached skill level 5 in Staves
  1754 | D:2      | Gained mutation: Spells you cast may paralyse adjacent
                  | enemies. [demonic ancestry]
  1754 | D:2      | Reached XP level 5. HP: 36/38 MP: 5/5
  2085 | D:2      | Noticed Natasha
  2356 | D:2      | Killed Natasha
  2643 | D:2      | Noticed Terence
  2671 | D:2      | Killed Terence
  2838 | D:4      | Noticed a phantom
  2851 | D:3      | Killed a phantom
  2852 | D:3      | Gained mutation: You are mostly covered in sharp spines.
                  | [demonic ancestry]
  2852 | D:3      | Reached XP level 6. HP: 43/44 MP: 6/6
  2886 | D:3      | Noticed Ijyb
  3270 | D:4      | Identified the +1 robe of Viny New Discoveries {rElec
                  | Will+}
  4630 | D:5      | Entered Level 5 of the Dungeon
  4802 | D:5      | Gained mutation: You are mostly covered in thin metallic
                  | scales. (AC +3) [demonic ancestry]
  4802 | D:5      | Reached XP level 7. HP: 50/50 MP: 7/7
  4846 | D:5      | Found a staircase to the Ecumenical Temple.
  4870 | Temple   | Entered the Ecumenical Temple
  5074 | Temple   | Became a worshipper of Makhleb the Destroyer
  5224 | D:6      | Noticed Menkaure
  6160 | D:5      | Found a shimmering altar of Xom.
  6303 | D:5      | Found a radiant altar of Vehumet.
  6303 | D:5      | Found a snail-covered altar of Cheibriados.
  6358 | D:5      | Reached XP level 8. HP: 25/56 MP: 8/8
  7404 | D:6      | Found a blossoming altar of Fedhas.
  7625 | D:6      | Killed Menkaure
  7958 | D:6      | Reached skill level 1 in Armour
  7969 | D:6      | Found a shadowy altar of Dithmenos.
  8112 | D:7      | Noticed Prince Ribbit
  8136 | D:7      | Killed Prince Ribbit
  8137 | D:7      | Reached skill level 3 in Armour
  8253 | D:7      | Reached * piety under Makhleb
  8337 | D:7      | Reached skill level 4 in Armour
  8368 | D:7      | Gained mutation: You have a pair of antennae on your head.
                  | [demonic ancestry]
  8368 | D:7      | Reached XP level 9. HP: 66/66 MP: 9/9
  8395 | D:7      | Reached skill level 1 in Invocations
  8838 | D:7      | Found Uxuibrus's Assorted Antiques.
  8852 | D:7      | Bought a lumpy zirconium amulet for 125 gold pieces
  8899 | D:7      | Bought a scroll of identify for 50 gold pieces
  8899 | D:7      | Bought a scroll of magic mapping for 87 gold pieces
  8900 | D:7      | Bought a green potion for 22 gold pieces
  8900 | D:7      | Bought a green potion for 22 gold pieces
  9211 | D:8      | Noticed Maggie
  9228 | D:8      | Killed Maggie
  9653 | D:7      | Found Uxuibrus's Assorted Antiques.
 10274 | D:8      | Learned a level 1 spell: Apportation
 10278 | D:8      | Learned a level 3 spell: Vampiric Draining
 10490 | D:8      | Found Ruxtokec's Jewellery Boutique.
 10606 | D:8      | Noticed Erica
 10613 | D:8      | Killed Erica
 10614 | D:8      | Reached skill level 10 in Invocations
 10614 | D:8      | Gained mutation: You are completely covered in thin
                  | metallic scales. (AC +4, rElec) [demonic ancestry]
 10614 | D:8      | Reached XP level 10. HP: 70/73 MP: 14/18
 10769 | D:8      | Reached ** piety under Makhleb
 10873 | D:8      | Noticed Harold
 10882 | D:8      | Noticed a two-headed ogre
 10897 | D:8      | Killed a two-headed ogre
 11295 | D:8      | Killed Harold
 11296 | D:8      | Reached skill level 5 in Fighting
 11296 | D:8      | Reached skill level 5 in Armour
 12027 | D:9      | Reached skill level 1 in Evocations
 12235 | D:9      | Found a staircase to the Orcish Mines.
 12487 | D:9      | Reached *** piety under Makhleb
 12594 | D:9      | Reached skill level 5 in Evocations
 13366 | D:9      | Gained mutation: You have a pair of large antennae on your
                  | head. (SInv) [demonic ancestry]
 13366 | D:9      | Reached XP level 11. HP: 52/80 MP: 14/20
 13748 | D:10     | Entered Level 10 of the Dungeon
 14748 | D:10     | Noticed a two-headed ogre
 14766 | D:10     | Killed a two-headed ogre
 14977 | D:10     | Found an ornate altar of the Wu Jian Council.
 15336 | D:11     | Noticed Psyche
 15344 | D:11     | Killed Psyche
 15451 | D:11     | Noticed a red ugly thing
 15451 | D:11     | Noticed a two-headed ogre
 15456 | D:11     | Killed a red ugly thing
 15457 | D:11     | Reached skill level 5 in Throwing
 15457 | D:11     | Killed a two-headed ogre
 15706 | D:11     | Found a staircase to the Lair.
 15859 | D:11     | Found Zikkil's Distillery.
 15871 | D:11     | Bought a potion of invisibility for 120 gold pieces
 15871 | D:11     | Bought a potion of berserk rage for 75 gold pieces
 15871 | D:11     | Bought a potion of curing for 45 gold pieces
 16055 | D:11     | Noticed a two-headed ogre
 16069 | D:11     | Killed a two-headed ogre
 16509 | Lair:1   | Entered Level 1 of the Lair of Beasts
 16688 | Lair:1   | Noticed a six-headed hydra
 16726 | D:11     | Killed a six-headed hydra
 17071 | D:11     | Reached XP level 12. HP: 34/88 MP: 14/21
 17606 | Lair:1   | Identified the +0 hunting sling "Ultimatum" {freeze, rF+
                  | rN+}
 18431 | Lair:1   | Reached skill level 6 in Armour
 18676 | D:11     | Bought a potion of heal wounds for 75 gold pieces
 19508 | Lair:2   | Reached skill level 7 in Armour
 19709 | Lair:2   | Found a staircase to the Shoals.
 20314 | Lair:3   | Found a hole to the Spider Nest.
 20594 | Lair:3   | Reached skill level 8 in Armour
 21631 | Lair:3   | Identified the +1 robe of Pride {Slay+3 Stlth+}
 21842 | Lair:3   | Identified 3 scrolls of acquirement
 21842 | Lair:3   | Acquired a manual of Armour
 21944 | Lair:4   | Learned a level 2 spell: Poisonous Vapours
 21987 | Lair:4   | Gained mutation: Spells you cast may paralyse nearby
                  | enemies. [demonic ancestry]
 21987 | Lair:4   | Reached XP level 13. HP: 101/101 MP: 22/22
 22050 | Lair:4   | Reached skill level 9 in Armour
 22416 | Lair:4   | Noticed Rupert
 22425 | Lair:4   | Reached skill level 10 in Armour
 22590 | Lair:4   | Paralysed by Rupert for 7 turns
 23190 | D:12     | Gained mutation: Your body sometimes deteriorates upon
                  | taking damage. [a neqoxec]
 23314 | D:12     | Reached skill level 11 in Armour
 23934 | D:12     | Acquired a manual of Poison Magic
 23943 | D:12     | Acquired a +2 lajatang of electrocution
 24018 | D:12     | Noticed Kirke
 24031 | D:12     | Killed Kirke
 24050 | D:12     | Noticed Snorg
 24066 | D:12     | Killed Snorg
 24067 | D:12     | Reached skill level 5 in Poison Magic
 25276 | Orc:1    | Entered Level 1 of the Orcish Mines
 25638 | Orc:2    | Entered Level 2 of the Orcish Mines
 25930 | Lair:4   | Noticed Urug
 25954 | Lair:4   | Reached skill level 1 in Air Magic
 26855 | Lair:6   | Entered Level 6 of the Lair of Beasts
 26855 | Lair:6   | Found a staircase to the Slime Pits.
 26855 | Lair:6   | Found a viscous altar of Jiyva.
 27073 | Lair:6   | Reached skill level 5 in Air Magic
 27636 | Lair:6   | Reached XP level 14. HP: 108/108 MP: 23/23
 27808 | Lair:6   | Reached skill level 1 in Spellcasting
 28110 | Lair:6   | Reached skill level 10 in Poison Magic
 28453 | Lair:6   | Identified the +5 spear of Ugerphao {pain, Dex+2}
 28623 | Lair:4   | Killed Urug
 28646 | Lair:4   | Learned a level 4 spell: Olgreb's Toxic Radiance
 28949 | Orc:2    | Found a staircase to the Elven Halls.
 29084 | Orc:2    | Reached **** piety under Makhleb
 29089 | Orc:2    | Noticed an orc warlord
 29153 | Orc:2    | Killed an orc warlord
 29542 | Orc:2    | Paralysed by an orc sorcerer for 5 turns
 29547 | Orc:2    | HP: 2/108 [orc knight/+0 halberd (17)]
 30336 | Orc:2    | Reached skill level 12 in Armour
 31366 | Orc:2    | Found Amor's General Store.
 31367 | Orc:2    | Found Jecuot's Jewellery Emporium.
 31369 | Orc:2    | Found Plog's Antique Armour Emporium.
 31369 | Orc:2    | Found Pig Athri's Antique Weapon Shoppe.
 31387 | Orc:2    | Bought a ring of protection from fire for 250 gold pieces
 31387 | Orc:2    | Bought a ring of ice for 250 gold pieces
 31404 | Orc:2    | Bought a spiked cloak for 304 gold pieces
 31404 | Orc:2    | Identified the +2 cloak of Miracles {-Cast Harm Str+5
                  | Stlth-} (You bought it in a shop on level 2 of the Orcish
                  | Mines)
 31407 | Orc:2    | Bought a glowing scarf for 256 gold pieces
 31419 | Orc:2    | Bought a scroll of blinking for 105 gold pieces
 31419 | Orc:2    | Bought a potion of curing for 42 gold pieces
 31575 | D:11     | Bought a potion of cancellation for 120 gold pieces
 31575 | D:11     | Bought a potion of cancellation for 120 gold pieces
 31575 | D:11     | Bought a potion of curing for 45 gold pieces
 31576 | D:11     | Acquired 390 gold pieces
 32194 | D:3      | Killed Ijyb
 32645 | D:13     | Reached skill level 10 in Staves
 33068 | D:13     | Identified the +11 war axe "Wuzxidy" {vorpal, Fly rC+ rN+}
 33168 | D:13     | Reached skill level 13 in Armour
 33463 | D:13     | Found a gate to the Vaults.
 33862 | D:14     | Noticed Louise
 33898 | D:14     | Reached XP level 15. HP: 71/113 MP: 24/24
 33909 | D:14     | Killed Louise
 34366 | D:14     | Found a runed translucent door.
 34372 | D:14     | Noticed a lich
 34373 | D:14     | Noticed Wogiaph's ghost (journeyman OgTm)
 34375 | D:14     | Found a runed translucent door.
 34568 | D:14     | Noticed Azrael
 34583 | D:14     | Killed Azrael
 34657 | D:15     | Entered Level 15 of the Dungeon
 35300 | D:14     | Found Eryhas Quzu's Book Emporium.
 35613 | D:14     | Slain by a white ugly thing

Illustrated notes

Levels and vault maps discovered:
D:1:      sevenhm_arrival_forest_fort_small_3, layout_rooms
D:2:      layout_basic, chequers_avenue, uniq_natasha, uniq_jessica,
          uniq_terence
D:3:      layout_loops_corners, chequers_serial_rivers_small_a,
          chequers_serial_rivers_small_b, uniq_ijyb
D:4:      layout_basic
D:5:      layout_rooms, gammafunk_temple_overflow_elements, led_xom_imps,
          minmay_temple_entry_junction_2, chequers_serial_rivers_large_b
D:6:      layout_basic, lemuel_tele_altar, grunt_dithmenos_smoke_and_mirrors,
          uniq_menkaure
D:7:      layout_loops_ring, serial_shops, nicolae_shop_behind_doors,
          uniq_prince_ribbit1
D:8:      layout_loops_cross, serial_shops, nicolae_shop_trees, uniq_harold,
          uniq_maggie, uniq_erica
D:9:      layout_stronghold, zombieorc2_lemuel, serial_undead, serial_undead_a,
          serial_undead_b, serial_undead_a, serial_undead_f, serial_undead_e,
          serial_undead_a
D:10:     layout_cave_pools, lemuel_round_altar
D:11:     layout_long_grid, minmay_lair_entry_grove, serial_shops,
          kennysheep_little_box, uniq_psyche
D:12:     layout_loops_ring, chequers_serial_rivers_small_3, uniq_snorg,
          uniq_kirke
D:13:     layout_loops_cross, erik_vaults_2
D:14:     layout_loops_cross, muffindrake_ghost_dual_entry,
          amcnicky_mini_pool_small, serial_shops, nicolae_shop_crystal,
          uniq_azrael, uniq_louise
D:15:     gammafunk_depths_entry_grave, layout_rooms, chequers_garden,
          uniq_roxanne, uniq_josephine
Temple:   eino_temple_rhombus
Lair:1:   layout_gridlike, portal_ice_cave_entry_pillars_1
Lair:2:   layout_concentric_octagons, elwin_shoals_entry_rocks,
          beast_lair_carwin_2
Lair:3:   layout_roguey, spider_nest_entry_a, chequers_serial_rivers_small_a,
          chequers_serial_rivers_marsh, beast_lair_carwin_9
Lair:4:   layout_regular_city, minmay_lair_oklob_chamber, grunt_megastairs_3,
          uniq_rupert, uniq_urug
Lair:5:   layout_cave_shapes, grunt_megastairs_1
Lair:6:   evilmike_catoblepas_cave, layout_big_grid, slime_altar_1
Orc:1:    layout_caves
Orc:2:    st_orc_congregation, layout_caves, basic_altar

Skill      XL: |  1  2  3  4  5  6  7  8  9 10 11 12 13 14 15 |
---------------+----------------------------------------------+-----
Staves         | 3 4 5 6 7 9 11 12 | 12.0
Fighting       | 4 5 6 9 |  9.2
Armour         | 4 5 8 11 13 | 13.8
Invocations    | 10 12 | 12.0
Evocations     | 6 |  6.2
Throwing       | 8 9 |  9.6
Poison Magic   | 9 11 | 11.7
Air Magic      | 5 6 |  6.0
Spellcasting   | 4 |  4.4
Dodging        | |  2.6

Action                   |  1- 3 |  4- 6 |  7- 9 | 10-12 | 13-15 || total
-------------------------+-------+-------+-------+-------+-------++-------
Melee: Quarterstaff      |    68 |   153 |   276 |   467 |    94 ||  1058
       Lajatang          |       |       |       |       |   495 ||   495
       Demon trident     |       |       |       |       |    20 ||    20
Throw: Throwing net      |       |     5 |     1 |     1 |     1 ||     8
       Stone             |       |     3 |     9 |     3 |    23 ||    38
       Dart              |       |       |       |    59 |   102 ||   161
       Boomerang         |       |       |       |       |    72 ||    72
 Cast: Poisonous Vapours |       |       |       |       |   117 ||   117
       Olgreb's Toxic Ra |       |       |       |       |     4 ||     4
Invok: Minor Destruction |       |       |       |   141 |    16 ||   157
       Lesser Servant of |       |       |       |    35 |    41 ||    76
       Major Destruction |       |       |       |       |     1 ||     1
Evoke: Wand              |       |       |     3 |    38 |    27 ||    68
       Box of beasts     |       |       |       |       |     2 ||     2
  Use: Scroll            |       |     5 |    10 |     9 |    15 ||    39
       Potion            |       |       |     2 |     8 |    12 ||    22
 Stab: Held in net/web   |       |     1 |     3 |       |       ||     4
       Distracted        |       |       |       |     4 |     2 ||     6
       Paralysed         |       |       |       |     2 |    51 ||    53
Armor: Leather armour    |    25 |    11 |       |       |       ||    36
       Scale mail        |       |    10 |       |       |       ||    10
       Chain mail        |       |    43 |   112 |   330 |   406 ||   891
Dodge: Dodged            |    60 |    54 |    77 |   214 |   253 ||   658
Block: Other             |       |       |    20 |       |       ||    20

Table legend: (Time is in decaauts)
 A = Elapsed time spent in this place.
 B = Non-inter-level travel time spent in this place.
 C = Inter-level travel time spent in this place.
 D = Time resting spent in this place.
 E = Time spent auto-exploring this place.
 F = Levels seen in this place.
 G = Mean time per level.
                   A        B        C        D        E       F      G
               +--------+--------+--------+--------+--------+-----+--------+
         Total |  35457 |  33363 |   2094 |  11163 |  15165 |  24 | 1477.4 |
       Dungeon |  24212 |  22818 |   1394 |   9017 |   9341 |  15 | 1614.1 |
        Temple |    214 |    198 |     16 |      0 |    179 |   1 |  214.0 |
          Lair |   7959 |   7392 |    567 |   1128 |   4582 |   6 | 1326.5 |
  Orcish Mines |   3071 |   2955 |    116 |   1018 |   1063 |   2 | 1535.5 |
               +--------+--------+--------+--------+--------+-----+--------+

Top non-repeatable levels by time:
     D:9: 2718 daAuts
    D:11: 2634 daAuts
   Orc:2: 2372 daAuts
    D:12: 2277 daAuts
     D:5: 2117 daAuts
     D:8: 2056 daAuts
     D:2: 1842 daAuts
     D:7: 1795 daAuts
    D:13: 1759 daAuts
  Lair:3: 1733 daAuts
  Lair:6: 1632 daAuts
  Lair:2: 1576 daAuts
    D:14: 1531 daAuts
     D:6: 1268 daAuts
  Lair:1: 1257 daAuts
